 Dungeon Crawl Stone Soup version 0.31-a0-358-gac0dbeb3ab (webtiles) character file.

Game seed: 5813638222599595588

110 innerfire43 the Chopper (level 4, -2/37 HPs)
             Began as a Demonspawn Monk on July 25, 2023.
             Killed from afar by Dowan (9 damage)
             ... with a puff of flame
             ... on level 4 of the Dungeon.
             The game lasted 00:03:09 (2644 turns).

innerfire43 the Chopper (Demonspawn Monk)           Turns: 2644, Time: 00:03:09

Health: -2/37      AC:  8    Str: 13    XL:     4   Next: 61%
Magic:  4/4        EV:  7    Int: 12    God:
Gold:   113        SH:  0    Dex: 15    Spells: 3/3 levels left

rFire   . . .        a - +0 hand axe
rCold   . . .        d - orb {light}
rNeg    . . .        g - +0 chain mail
rPois   .            (no helmet)
rElec   .            (no cloak)
rCorr   .            (no gloves)
SInv    .            (no boots)
Will    .....        (no amulet) Stlth
                     (no ring)
HPRegen 0.26/turn    (no ring)
MPRegen 0.09/turn

%: no passive effects
@: glowing
A: condensation shield, weakness stinger 1
a: no special abilities


You were on level 4 of the Dungeon.
You visited 1 branch of the dungeon, and saw 4 of its levels.

You collected 113 gold pieces.

Inventory:

Hand Weapons
 a - a +0 hand axe (weapon)
Armour
 b - a +0 robe
 d - an orb of light (worn)
 g - a +0 chain mail (worn)
 p - the +0 scale mail of the Past {rElec rF+ rN+ Slay-4}
   (You found it on level 4 of the Dungeon)

   Slay:      It affects your accuracy & damage with ranged weapons and melee
   (-4).
   rF:        It protects you from fire.
   rElec:     It insulates you from electricity.
   rN:        It protects you from negative energy.
Scrolls
 f - a scroll of poison {unknown}
 h - a scroll of teleportation {unknown}
 j - a scroll of identify {unknown}
 k - a scroll of enchant weapon {unknown}
 o - 2 scrolls of enchant armour {unknown}
Potions
 e - 2 potions of haste {unknown}
 i - a potion of brilliance {unknown}
 l - a potion of attraction {unknown}
 m - 2 potions of curing {unknown}
 n - a potion of cancellation {unknown}


   Skills:
 + Level 3.7 Fighting
 * Level 4.0 Axes
 + Level 3.3 Dodging


You had 3 spell levels left.
You didn't know any spells.
Your spell library contained the following spells:

 Spells                   Type           Power      Damage    Failure   Level
 Kiss of Death            Conj/Necr      0%         2d5       100%        1
 Shock                    Conj/Air       0%         1d3       100%        1
 Wereblood                Tmut           0%         N/A       100%        2
 Confusing Touch          Hex            0%         N/A       100%        3
 Swiftness                Air            0%         N/A       100%        3
 Airstrike                Air            0%         2d(0-16)  100%        4
 Dispel Undead            Necr           0%         3d6       100%        4
 Irradiate                Conj/Tmut      0%         3d11      100%        5


Dungeon Overview and Level Annotations

Branches:
Dungeon (4/15)
 Temple: D:4-7

Altars:
Wu Jian

Shops:
D:1 [

Annotations:
D:4 Dowan, Duvessa


Innate Abilities, Weirdness & Mutations

A meltable shield of frost defends you. (SH +0)
You have a small tail.


Message History

Duvessa is lightly wounded.
Duvessa hits you but does no damage. Duvessa barely misses you.
Dowan gestures at you while chanting. The puff of flame hits you.
Your condensation shield dissipates!
You hit Duvessa but do no damage.
A ball python comes into view.
Duvessa closely misses you. Dowan casts a spell at you.
The puff of frost hits you but does no damage.
There are monsters nearby!
The ball python hisses angrily.
You hit Duvessa.
You tail-slap Duvessa, but do no damage.
Duvessa is lightly wounded.
Duvessa hits you with a +0 short sword.
There are monsters nearby!
You barely miss Duvessa.
Duvessa is lightly wounded.
Duvessa hits you with a +0 short sword!
You are too injured to fight recklessly!
You are confused.
You feel invigorated. Duvessa hits you with a +0 short sword.
Dowan hits you but does no damage.
You bump into the rock wall.
Duvessa barely misses you. Dowan hits you but does no damage.
You hit Dowan. You tail-slap Dowan, but do no damage.
Dowan is lightly wounded.
You hit Duvessa but do no damage.
You feel less invigorated.
You feel less confused. Duvessa hits you with a +0 short sword.
Dowan casts a spell at you. The puff of frost hits you!
* * * LOW HITPOINT WARNING * * *
You closely miss Dowan.
Dowan is lightly wounded.
You barely miss Duvessa. Duvessa completely misses you.
Dowan casts a spell at you. The puff of flame hits you!
You die...

....<..###>..... ..
........#....... . .
...........#.... ..
.##.........###.†. ...
....#.##...#.#... ....
...##.###........
.....###..##..#...<.....
#...See.###.###...##...
#@.##..##....##...
.####..#.#.#.<.####..
........._......# #..
...##...#.#......# ### .
#......#.....#
....#..)##.##.##
##..#....######
#.......# .......##


You could see Duvessa, Dowan and a ball python.

Vanquished Creatures
  An adder (D:3)
  4 worms
  3 dart slugs (D:1)
  6 endoplasms
  3 giant cockroaches
  9 goblins
  10 hobgoblins
  12 jackals
  5 kobolds
  6 quokkas
  A ball python (D:4)
  2 bats (D:2)
  5 frilled lizards
  6 rats
73 creatures vanquished.

Notes
Turn   | Place    | Note
-------+----------+-------------------------------------------
     0 | D:1      | innerfire43 the Demonspawn Monk began the quest for the
                  | Orb.
     0 | D:1      | Reached XP level 1. HP: 18/18 MP: 1/1
    29 | D:1      | Gained mutation: You have a small tail. [demonic ancestry]
    29 | D:1      | Reached XP level 2. HP: 17/24 MP: 2/2
    35 | D:1      | Reached skill level 3 in Axes
   353 | D:1      | Gained mutation: A meltable shield of frost defends you.
                  | (SH +0) [demonic ancestry]
   353 | D:1      | Reached XP level 3. HP: 29/29 MP: 3/3
   366 | D:1      | Found a faded altar of an unknown god.
   666 | D:1      | Found Afuc's Antique Armour Shoppe.
  1999 | D:3      | Reached XP level 4. HP: 33/36 MP: 4/4
  2551 | D:4      | Found an ornate altar of the Wu Jian Council.
  2556 | D:4      | Identified the +0 scale mail of the Past {rElec rF+ rN+
                  | Slay-4}
  2588 | D:4      | Reached skill level 4 in Axes
  2632 | D:4      | Noticed Duvessa
  2635 | D:4      | Noticed Dowan
  2644 | D:4      | Killed from afar by Dowan

Illustrated notes

Levels and vault maps discovered:
D:1:      lightli_arrival_lavapool, layout_basic,
          chequers_ecumenical_altar_grove, serial_shops, nicolae_lakefront_shop
D:2:      layout_basic, chequers_serial_rivers_room_a, moated_statue,
          nrook_campfire
D:3:      layout_basic
D:4:      layout_cave_pools, lemuel_doored_altar, lemuel_crystal_altar,
          minmay_temple_entry_gardened_gates, kennysheep_cross_room,
          uniq_duvessa

Skill      XL: |  1  2  3  4 |
---------------+-------------+-----
Axes           | 3 4 |  4.0
Dodging        | 3 |  3.3
Fighting       | |  3.7

Action                     |  1- 3 |  4- 6 || total
---------------------------+-------+-------++-------
  Melee: Hand axe          |   101 |    74 ||   175
         Tailslap          |    12 |    11 ||    23
    Use: Potion            |       |     1 ||     1
 Armour: Robe              |    11 |       ||    11
         Chain mail        |    28 |    29 ||    57
  Dodge: Dodged            |    53 |    17 ||    70
  Block: Orb               |     7 |    10 ||    17

Table legend: (Time is in decaauts)
 A = Elapsed time spent in this place.
 B = Non-inter-level travel time spent in this place.
 C = Inter-level travel time spent in this place.
 D = Time resting spent in this place.
 E = Time spent auto-exploring this place.
 F = Levels seen in this place.
 G = Mean time per level.
                   A        B        C        D        E       F      G
               +--------+--------+--------+--------+--------+-----+--------+
         Total |   2666 |   2515 |    151 |      0 |   2040 |   4 |  666.5 |
       Dungeon |   2666 |   2515 |    151 |      0 |   2040 |   4 |  666.5 |
               +--------+--------+--------+--------+--------+-----+--------+

Top non-repeatable levels by time:
     D:2: 983 daAuts
     D:1: 961 daAuts
     D:3: 626 daAuts
     D:4: 95 daAuts
